 Seeded DCSS version 0.24-a0-528-g98e85ec (webtiles) character file.

Game seed: 2322773946397426873

1259 Llamajah the Sneak (level 8, -1/52 HPs)
             Began as a Vampire Venom Mage on Aug 5, 2019.
             Was an Initiate of Vehumet.
             Slain by an iguana (15 damage)
             ... on level 6 of the Dungeon on Aug 6, 2019.
             The game lasted 00:40:12 (6178 turns).

Llamajah the Sneak (Vampire Venom Mage)             Turns: 6178, Time: 00:40:12

Health: -1/52      AC: -7    Str:  7    XL:     8   Next: 27%
Magic:  22/22      EV: 16    Int: 20    God:    Vehumet [......]
Gold:   61         SH:  0    Dex: 17    Spells: 1/14 levels left

rFire    . . .     SeeInvis +     - Unarmed
rCold    . . .     Gourm    .   (no shield)
rNeg     . . .     Faith    .   a - +0 robe
rPois    .         Spirit   .   r - +0 helmet
rElec    .         Reflect  .   e - +0 cloak
rCorr    .         Harm     .   v - +0 pair of gloves
MR       .....                  (no boots)
Stlth    +++.......             i - amulet of magic regeneration
HPRegen  0.37/turn              d - +3 ring of intelligence
MPRegen  0.43/turn              g - ring of magical power

@: about to teleport, corroded, regenerating quickly
A: no food, fangs 3, see invisible, unbreathing
a: Exsanguinate, Renounce Religion


You were on level 6 of the Dungeon.
You worshipped Vehumet.
Vehumet was noncommittal.
You were alive.

You visited 2 branches of the dungeon, and saw 7 of its levels.

You collected 165 gold pieces.
You spent 104 gold pieces at shops.

Inventory:

Hand Weapons
 q - a +1 broad axe of chopping
Armour
 a - a +0 robe (worn)
 e - a +0 cloak (worn)
 r - a +0 helmet (worn)
 v - a +0 pair of gloves (worn)
Jewellery
 d - a +3 ring of intelligence (left hand)
 g - a ring of magical power (right hand)
 i - an amulet of magic regeneration (around neck)
Wands
 c - a wand of digging (3)
 o - a wand of paralysis (2)
Scrolls
 h - a scroll of immolation
 j - 4 scrolls of remove curse
 l - a scroll of fog
 n - 3 scrolls of identify
Potions
 b - a potion of flight
 f - 2 potions of might
 m - 4 potions of curing {unknown}
 p - 2 potions of mutation {unknown}
 s - a potion of cancellation {unknown}
 u - 2 potions of haste


   Skills:
 * Level 6.3 Dodging
 + Level 6.3 Stealth
 + Level 3.8 Unarmed Combat
 + Level 3.9 Spellcasting
 + Level 2.7 Conjurations
 + Level 0.0 Charms
 + Level 0.0 Air Magic
 + Level 4.3 Poison Magic


You had one spell level left.
You knew the following spells:

 Your Spells              Type           Power        Failure   Level  Hunger
a - Sting                 Conj/Pois      ###.         3%          1    N/A
b - Poisonous Vapours     Pois/Air       ##....       8%          2    N/A
c - Mephitic Cloud        Conj/Pois/Air  ##......     14%         3    N/A
d - Olgreb's Toxic Radia  Pois           ###.....     22%         4    N/A
e - Infusion              Chrm           #...         13%         1    N/A
f - Shroud of Golubria    Chrm/Tloc      #.....       19%         2    N/A

Your spell library contained the following spells:

 Spells                   Type           Power        Failure   Level  Hunger
 Song of Slaying          Chrm           #.......     19%         2    N/A
 Regeneration             Chrm/Necr      #.........   36%         3    N/A
 Spectral Weapon          Hex/Chrm       #.......     36%         3    N/A
 Venom Bolt               Conj/Pois      ###.......   63%         5    N/A

Dungeon Overview and Level Annotations

Branches:
Dungeon (6/15)             Temple (1/1) D:5

Altars:
Ashenzari
Cheibriados
Dithmenos
Elyvilon
Gozag
Hepliaklqana
Kikubaaqudgha
Makhleb
Nemelex Xobeh
Ru
Sif Muna
Uskayaw
Vehumet
Wu Jian
Yredelemnul
Zin
The Shining One
Beogh

Shops:
D:4 }

Annotations:
D:5 3 runed translucent doors, Hefu's ghost, novice FoFi


Innate Abilities, Weirdness & Mutations

You do not eat.
Your natural rate of healing is unusually fast.
You have razor-sharp teeth.
You have supernaturally acute eyesight. (SInv)
You can survive without breathing.


Message History

The iguana hisses angrily.
As you read the scroll labeled YMYNKU KIM, it crumbles to dust.
The creatures around you are filled with an inner flame!
It was a scroll of immolation.
The crimson imp closely misses you.
As you read the scroll labeled WIRRYPEBLO, it crumbles to dust.
The scroll dissolves into smoke.
It was a scroll of fog.
The crimson imp misses you.
As you read the scroll labeled OHISTR HESSORE, it crumbles to dust.
It is a scroll of amnesia.
Really abort (and waste the scroll)?
Okay, then.
The jelly hits you.
You are splashed with acid!
* * * LOW HITPOINT WARNING * * *
The crimson imp hits you.
* * * LOW HITPOINT WARNING * * *
As you read the scroll labeled NUEFRA NYNI, it crumbles to dust.
You feel strangely unstable.
It was a scroll of teleportation.
The jelly closely misses you. The crimson imp misses you. The iguana bites you!
You die...

. #..........#
. #.........# .
. #.........##
.. .
#....†.....#...
.
#...)J.........
.
#........5#....
. #######....#
####§§...#..#
#l@J5###.# ....
..l.§§#### .#
#.. .#..## .#
## .# .# .#


You could see an iguana (inner flame), a jelly (inner flame) and a crimson imp
(inner flame).

Vanquished Creatures
  Sigmund (D:2)
  A phantom (D:4)
  An ogre (D:4)
  A water moccasin skeleton (D:5)
  2 scorpions (D:4)
  A howler monkey (D:5)
  2 hounds (D:4)
  A bullfrog zombie (D:5)
  A centaur zombie (D:5)
  2 crimson imps (D:5)
  An orc priest (D:5)
  2 orc wizards (D:4)
  Natasha (thrice) (D:2)
  4 worker ants
  Robin (D:4)
  11 adders
  7 gnolls
  2 adder skeletons (D:4)
  2 worms
  2 dart slugs (D:2)
  3 leopard geckos
  9 orcs
  4 ball pythons
  5 giant cockroaches
  18 goblins
  10 hobgoblins
  10 jackals
  3 quokkas
  7 bats
  3 frilled lizards
  8 kobolds
  A leopard gecko zombie (D:5)
  A quokka skeleton (D:3)
  6 rats
136 creatures vanquished.

Notes
Turn   | Place    | Note
-------+----------+-------------------------------------------
     0 | D:1      | Llamajah the Vampire Venom Mage began the quest for the
                  | Orb.
     0 | D:1      | Reached XP level 1. HP: 13/13 MP: 3/3
   296 | D:1      | Reached XP level 2. HP: 8/19 MP: 1/5
   359 | D:1      | Learned a level 2 spell: Poisonous Vapours
   523 | D:1      | Reached skill level 1 in Conjurations
   910 | D:1      | Reached XP level 3. HP: 14/24 MP: 6/6
  1464 | D:2      | Reached skill level 1 in Unarmed Combat
  1548 | D:2      | Noticed Natasha
  1565 | D:2      | Killed Natasha
  1565 | D:2      | Reached XP level 4. HP: 7/30 MP: 7/7
  1726 | D:2      | Noticed Natasha
  1780 | D:2      | Killed Natasha
  1785 | D:2      | Noticed Natasha
  1916 | D:2      | Killed Natasha
  1916 | D:2      | Reached XP level 5. HP: 28/35 MP: 8/8
  2039 | D:2      | Noticed Sigmund
  2056 | D:2      | Killed Sigmund
  2056 | D:2      | Reached XP level 6. HP: 25/41 MP: 10/10
  2299 | D:3      | Found a sparkling altar of Nemelex Xobeh.
  2437 | D:3      | Learned a level 3 spell: Mephitic Cloud
  3410 | D:4      | Reached skill level 5 in Stealth
  3493 | D:4      | Reached XP level 7. HP: 41/46 MP: 9/11
  3574 | D:4      | Reached skill level 5 in Dodging
  3610 | D:4      | Noticed Robin
  3669 | D:4      | Found Cehuaryt's Gadget Boutique.
  3676 | D:4      | Bought a wand of paralysis (6) for 104 gold pieces
  4334 | D:4      | Killed Robin
  4454 | D:4      | Learned a level 4 spell: Olgreb's Toxic Radiance
  4540 | D:5      | Entered Level 5 of the Dungeon
  4602 | D:5      | Found a staircase to the Ecumenical Temple.
  4631 | Temple   | Entered the Ecumenical Temple
  4762 | Temple   | Became a worshipper of Vehumet
  4909 | D:5      | Reached XP level 8. HP: 48/52 MP: 13/13
  5188 | D:5      | Found a runed translucent gate.
  5188 | D:5      | Found a runed translucent gate.
  5189 | D:5      | Found a runed translucent gate.
  5189 | D:5      | Noticed Hefu's ghost (novice FoFi)
  5192 | D:5      | Identified the +5 halberd of Ragnarok {freeze, Str+2
                  | Stlth+}
  5194 | D:5      | Found a roughly hewn altar of Beogh.
  5472 | D:5      | Found an opulent altar of Gozag.
  6001 | D:5      | Learned a level 1 spell: Infusion
  6004 | D:5      | Learned a level 2 spell: Shroud of Golubria
  6178 | D:6      | Slain by an iguana

Levels and vault maps discovered:
D:1:      dpeg_arrival_subterranean_lakeside_camping, layout_loops_ring,
          serial_co_window_serial, co_window_corner_a, co_window_paths_a,
          co_window_paths_a, co_window_corner_a, co_window_paths_a,
          co_window_paths_a, co_window_corner_a, co_window_broadway_c,
          co_window_broadway_c, glass_columns_a, glass_columns_b,
          glass_columns_b, glass_columns_a, glass_columns_b,
          serial_park_tiny_pond
D:2:      layout_basic, first_ration, uniq_sigmund, uniq_natasha
D:3:      layout_rooms, nemelex_xobeh_ov_fountains_minmay,
          kennysheep_generic_room_12
D:4:      layout_cave_pools, serial_shops, shop, uniq_robin
D:5:      layout_layer_cave, minmay_temple_entry_large_hall,
          biasface_ghost_orc_armoury, basic_altar, kennysheep_cross_room
D:6:      layout_rooms
Temple:   eino_temple_rhombus

Skill      XL: |  1  2  3  4  5  6  7  8 |
---------------+-------------------------+-----
Conjurations   | 1 2 |  2.7
Dodging        | 3 4 5 6 |  6.3
Poison Magic   | 3 4 |  4.3
Unarmed Combat | 1 2 3 |  3.8
Stealth        | 4 5 6 |  6.3
Spellcasting   | 3 |  3.9

Action                   |  1- 3 |  4- 6 |  7- 9 || total
-------------------------+-------+-------+-------++-------
Melee: Unarmed           |   132 |   118 |   309 ||   559
       Bite              |     7 |    14 |    31 ||    52
       Punch             |       |     1 |     6 ||     7
       Broad axe         |       |       |    12 ||    12
 Cast: Sting             |    47 |   111 |   113 ||   271
       Poisonous Vapours |       |    10 |     5 ||    15
       Mephitic Cloud    |       |     2 |     5 ||     7
       Infusion          |       |       |     1 ||     1
Evoke: Wand              |       |       |     4 ||     4
  Use: Potion            |     1 |       |       ||     1
       Scroll            |       |     5 |     4 ||     9
 Stab: Sleeping          |     2 |     1 |     3 ||     6
       Paralysed         |       |       |     4 ||     4
       Distracted        |       |       |     1 ||     1
Armor: Robe              |    43 |    19 |    65 ||   127
       Skin              |     7 |       |       ||     7
Dodge: Dodged            |   124 |    84 |   272 ||   480

Table legend:
 A = Non-vault XP
 B = Vault XP
 C = Vault XP percentage of total XP
 D = Non-vault monster count
 E = Vault monster count
 F = Vault count percentage of total count
                 A         B        C        D         E       F
            +---------+---------+-------+---------+---------+-------
      Total |    1489 |     310 |  17.2 |     115 |      21 |  15.4
            +---------+---------+-------+---------+---------+-------
        D:1 |      56 |       9 |  13.8 |      25 |       6 |  19.4
        D:2 |     158 |     262 |  62.4 |      17 |       2 |  10.5
        D:3 |      89 |       8 |   8.2 |      22 |       4 |  15.4
        D:4 |     731 |      31 |   4.1 |      28 |       9 |  24.3
        D:5 |     403 |       0 |   0.0 |      19 |       0 |   0.0
        D:6 |      52 |       0 |   0.0 |       4 |       0 |   0.0
            +---------+---------+-------+---------+---------+-------
